AA
BUFFALO RED WINGS @ BAR HARBOR ISLANDERS
06/23/2060
 
TOP OF THE 1ST
Buffalo Red Wings batting - Pitching for Bar Harbor Islanders : LHP Brock Luger
Pitching: LHP Brock Luger
Batting: RHB Braydon Makris 0-0: Ball
1-0: Foul Ball, location: 2F
1-1: Ball
2-1: SINGLE (Groundball, 56D, EV 103.8 MPH)
Batting: RHB Israel Coates 0-0: Ball
1-0: Ball
Braydon Makris steals 2nd base (no throw)
2-0: DOUBLE (Flyball, 89D, EV 89.4 MPH)
Braydon Makris scores
Batting: RHB Chandler Penrod 0-0: Called Strike
0-1: Ball
1-1: Ball
2-1: Swinging Strike
2-2: Ground out 5-3 (Groundball, 56, EV 84.4 MPH)
Batting: RHB Logan Combs 0-0: Ball
1-0: Ball
2-0: Foul Ball, location: 2F
2-1: Ball
3-1: Fly out, F7 (Flyball, 8LM, EV 85.0 MPH)
Batting: RHB Jasper Humphries 0-0: Fly out, F1 (Popup, 13, EV 79.4 MPH)
Top of the 1st over - 1 run, 2 hits, 0 errors, 1 left on base; Buffalo 1 - Bar Harbor 0
BOTTOM OF THE 1ST
Bar Harbor Islanders batting - Pitching for Buffalo Red Wings : RHP Dave Hammond
Pitching: RHP Dave Hammond
Batting: RHB Gareth Peraza 0-0: Ball
1-0: Fly out, F9 (Flyball, 89S, EV 95.6 MPH)
Batting: LHB Jeremy Morrell 0-0: Called Strike
0-1: Ball
1-1: Ball
2-1: Swinging Strike
2-2: Ball
3-2: Foul Ball, location: 2F
3-2: Strikes out swinging
Batting: RHB Chance Maki 0-0: Ball
1-0: Ball
2-0: Ball
3-0: Fly out, F7 (Flyball, 7, EV 83.8 MPH)
Bottom of the 1st over - 0 runs, 0 hits, 0 errors, 0 left on base; Buffalo 1 - Bar Harbor 0
TOP OF THE 2ND
Buffalo Red Wings batting - Pitching for Bar Harbor Islanders : LHP Brock Luger
Batting: SHB Brannon Acevedo 0-0: Ball
1-0: SINGLE (Line Drive, 56D, EV 108.1 MPH)
Batting: RHB Tris Kathirithamby 0-0: Ball
1-0: Called Strike
1-1: Fly out, F8 (Line Drive, 8RD, EV 92.5 MPH)
Batting: RHB Brinson Sarmiento 0-0: Ball
Brannon Acevedo is caught stealing 2nd base 2-4
1-0: Called Strike
1-1: Called Strike
1-2: Ball
2-2: Fly out, F8 (Line Drive, 8RD, EV 94.4 MPH)
Top of the 2nd over - 0 runs, 1 hit, 0 errors, 0 left on base; Buffalo 1 - Bar Harbor 0
BOTTOM OF THE 2ND
Bar Harbor Islanders batting - Pitching for Buffalo Red Wings : RHP Dave Hammond
Batting: LHB Gibson Frantz 0-0: Ball
1-0: Foul Ball, location: 2F
1-1: Ground out 6-3 (Groundball, 6MS, EV 85.6 MPH)
Batting: RHB Andy Mandeville 0-0: Foul Ball, location: 2F
0-1: Ball
1-1: Ball
2-1: Foul Ball, location: 2F
2-2: Foul Ball, location: 2F
2-2: Foul Ball, location: 2F
2-2: Ball
3-2: Base on Balls
Batting: RHB Gaven Robinson 0-0: Foul Ball, location: 2F
0-1: Reached on error, E6 (Groundball, 6, EV 86.9 MPH)
Andy Mandeville to second
Batting: RHB Caleb Carlson 0-0: Ball
1-0: Foul Ball, location: 2F
1-1: Foul Ball, location: 2F
1-2: Ball
2-2: Ball
3-2: Strikes out looking
Batting: RHB Clayton Brubaker 0-0: SINGLE (Flyball, 89S, EV 86.9 MPH)
Andy Mandeville to third
Gaven Robinson to second
Batting: RHB Jaxon King 0-0: Called Strike
0-1: Called Strike
0-2: TRIPLE (Flyball, 8RXD, EV 107.5 MPH)
Andy Mandeville scores
Gaven Robinson scores
Clayton Brubaker scores
Batting: RHB Gareth Peraza 0-0: Ball
1-0: Ball
2-0: Ball
3-0: Base on Balls
Batting: LHB Jeremy Morrell 0-0: Called Strike
0-1: Swinging Strike
0-2: Fly out, F7 (Flyball, 7S, EV 83.8 MPH)
Bottom of the 2nd over - 3 runs, 2 hits, 1 error, 2 left on base; Buffalo 1 - Bar Harbor 3
TOP OF THE 3RD
Buffalo Red Wings batting - Pitching for Bar Harbor Islanders : LHP Brock Luger
Batting: RHB Rhys Oqvist 0-0: Ball
1-0: Foul Ball, location: 2F
1-1: Called Strike
1-2: Strikes out swinging
Batting: RHB Braydon Makris 0-0: Ground out 4-3 (Groundball, 4S, EV 75.0 MPH)
Batting: RHB Israel Coates 0-0: Called Strike
0-1: Ball
1-1: Ball
2-1: Swinging Strike
2-2: Fly out, F8 (Flyball, 78M, EV 96.9 MPH)
Top of the 3rd over - 0 runs, 0 hits, 0 errors, 0 left on base; Buffalo 1 - Bar Harbor 3
BOTTOM OF THE 3RD
Bar Harbor Islanders batting - Pitching for Buffalo Red Wings : RHP Dave Hammond
Batting: RHB Chance Maki 0-0: Ball
1-0: Ball
2-0: Ball
3-0: Base on Balls
Batting: LHB Gibson Frantz 0-0: Ball
1-0: Called Strike
1-1: Swinging Strike
1-2: Ball
2-2: Ball
3-2: Base on Balls
Chance Maki to second
Batting: RHB Andy Mandeville 0-0: Ball
1-0: Called Strike
1-1: Foul Ball, location: 2F
1-2: Ball
2-2: Ball
3-2: 3-RUN HOME RUN (Flyball, 78XD, EV 96.9 MPH), Distance : 382 ft
Pitching: RHP Travis Cole
Batting: RHB Gaven Robinson 0-0: Called Strike
0-1: Called Strike
0-2: Ball
1-2: Ball
2-2: Fly out, F9 (Flyball, 9D, EV 85.0 MPH)
Batting: RHB Caleb Carlson 0-0: Swinging Strike
0-1: Ball
1-1: Swinging Strike
1-2: Ball
2-2: Foul Ball, location: 2F
2-2: Strikes out looking
Batting: RHB Clayton Brubaker 0-0: Called Strike
0-1: Ball
1-1: Foul Ball, location: 2F
1-2: Ground out 6-3 (Groundball, 6, EV 85.6 MPH)
Bottom of the 3rd over - 3 runs, 1 hit, 0 errors, 0 left on base; Buffalo 1 - Bar Harbor 6
TOP OF THE 4TH
Buffalo Red Wings batting - Pitching for Bar Harbor Islanders : LHP Brock Luger
Batting: RHB Chandler Penrod 0-0: Foul Ball, location: 2F
0-1: Ground out 4-3 (Groundball, 13, EV 93.1 MPH)
Batting: RHB Logan Combs 0-0: Called Strike
0-1: SINGLE (Groundball, 6D, EV 97.5 MPH)
Batting: RHB Jasper Humphries 0-0: Ball
1-0: Ball
2-0: Grounds into double play, 6-4-3 (Groundball, 6, EV 89.4 MPH)
Top of the 4th over - 0 runs, 1 hit, 0 errors, 0 left on base; Buffalo 1 - Bar Harbor 6
BOTTOM OF THE 4TH
Bar Harbor Islanders batting - Pitching for Buffalo Red Wings : RHP Travis Cole
Batting: RHB Jaxon King 0-0: Ball
1-0: Called Strike
1-1: Foul Ball, location: 2F
1-2: Strikes out swinging
Batting: RHB Gareth Peraza 0-0: Called Strike
0-1: SINGLE (Groundball, 6D, EV 101.9 MPH)
Batting: LHB Jeremy Morrell 0-0: Ball
1-0: Called Strike
1-1: Ball
2-1: Called Strike
2-2: Ball
3-2: Foul Ball, location: 2F
3-2: Fly out, F8 (Flyball, 8RXD, EV 108.8 MPH)
Pitching: RHP Dontell Yamashita
Batting: RHB Chance Maki 0-0: Ball
1-0: Ball
2-0: Called Strike
2-1: Fly out, F8 (Line Drive, 89M, EV 91.2 MPH)
Bottom of the 4th over - 0 runs, 1 hit, 0 errors, 1 left on base; Buffalo 1 - Bar Harbor 6
TOP OF THE 5TH
Buffalo Red Wings batting - Pitching for Bar Harbor Islanders : LHP Brock Luger
Batting: SHB Brannon Acevedo 0-0: Ball
1-0: Swinging Strike
1-1: Foul Ball, location: 2F
1-2: Fly out, F4 (Popup, 34S, EV 81.2 MPH)
Batting: RHB Tris Kathirithamby 0-0: Ground out 4-3 (Groundball, 4, EV 84.4 MPH)
Batting: RHB Brinson Sarmiento 0-0: Called Strike
0-1: Ball
1-1: Called Strike
1-2: Ground out 4-3 (Groundball, 4, EV 105.6 MPH)
Top of the 5th over - 0 runs, 0 hits, 0 errors, 0 left on base; Buffalo 1 - Bar Harbor 6
BOTTOM OF THE 5TH
Bar Harbor Islanders batting - Pitching for Buffalo Red Wings : RHP Dontell Yamashita
Batting: LHB Gibson Frantz 0-0: Ball
1-0: Ball
2-0: Ball
3-0: Called Strike
3-1: SOLO HOME RUN (Flyball, 9LD, EV 90.0 MPH), Distance : 336 ft
Batting: RHB Andy Mandeville 0-0: Foul Ball, location: 2F
0-1: Ball
1-1: Swinging Strike
1-2: Strikes out swinging
Batting: RHB Gaven Robinson 0-0: Called Strike
0-1: Foul Ball, location: 2F
0-2: Foul Ball, location: 2F
0-2: Ball
1-2: Ball
2-2: Ball
3-2: Fly out, F9 (Flyball, 9, EV 94.4 MPH)
Batting: RHB Caleb Carlson 0-0: Ground out 5-3 (Groundball, 56, EV 83.1 MPH)
Bottom of the 5th over - 1 run, 1 hit, 0 errors, 0 left on base; Buffalo 1 - Bar Harbor 7
TOP OF THE 6TH
Buffalo Red Wings batting - Pitching for Bar Harbor Islanders : LHP Brock Luger
Batting: RHB Rhys Oqvist 0-0: Ball
1-0: Called Strike
1-1: SINGLE (Groundball, 6MD, EV 102.5 MPH)
Batting: RHB Braydon Makris 0-0: Called Strike
0-1: Ball
1-1: Called Strike
1-2: Grounds into double play, 6-4-3 (Groundball, 6, EV 80.6 MPH)
Batting: RHB Israel Coates 0-0: Ball
1-0: SINGLE (Groundball, 56D, EV 105.0 MPH)
Batting: RHB Chandler Penrod 0-0: Called Strike
0-1: Foul Ball, location: 2F
0-2: Foul Ball, location: 2F
0-2: Ball
1-2: Fly out, F8 (Flyball, 8LM, EV 86.2 MPH)
Top of the 6th over - 0 runs, 2 hits, 0 errors, 1 left on base; Buffalo 1 - Bar Harbor 7
BOTTOM OF THE 6TH
Bar Harbor Islanders batting - Pitching for Buffalo Red Wings : RHP Dontell Yamashita
Batting: RHB Clayton Brubaker 0-0: Called Strike
0-1: Ball
1-1: Ball
2-1: Swinging Strike
2-2: Strikes out looking
Batting: RHB Jaxon King 0-0: Ball
1-0: Swinging Strike
1-1: Foul Ball, location: 2F
1-2: Ball
2-2: Ground out 4-3 (Groundball, 4, EV 103.1 MPH)
Batting: RHB Gareth Peraza 0-0: Ball
1-0: Fly out, F7 (Flyball, 7LS, EV 83.1 MPH)
Bottom of the 6th over - 0 runs, 0 hits, 0 errors, 0 left on base; Buffalo 1 - Bar Harbor 7
TOP OF THE 7TH
Buffalo Red Wings batting - Pitching for Bar Harbor Islanders : LHP Brock Luger
Pitching: RHP Devon Frye
Batting: RHB Logan Combs 0-0: SINGLE (Line Drive, 34D, EV 105.6 MPH)
Batting: RHB Jasper Humphries 0-0: Called Strike
0-1: Ball
1-1: Ball
2-1: Foul Ball, location: 2F
2-2: SINGLE (Line Drive, 89S, EV 91.2 MPH)
Logan Combs to second
Batting: SHB Brannon Acevedo 0-0: Foul Ball, location: 2F
0-1: Swinging Strike
0-2: Fly out, F8 (Flyball, 8LM, EV 93.1 MPH)
Batting: RHB Tris Kathirithamby 0-0: Foul Ball, location: 2F
0-1: Ball
1-1: Ball
2-1: Ball
3-1: SINGLE (Line Drive, 8RS, EV 109.4 MPH)
Logan Combs to third
Jasper Humphries to second
Batting: RHB Brinson Sarmiento 0-0: Grounds into double play, 5-4-3 (Groundball, 56, EV 81.9 MPH)
Top of the 7th over - 0 runs, 3 hits, 0 errors, 2 left on base; Buffalo 1 - Bar Harbor 7
BOTTOM OF THE 7TH
Bar Harbor Islanders batting - Pitching for Buffalo Red Wings : RHP Dontell Yamashita
Batting: LHB Jeremy Morrell 0-0: Called Strike
0-1: Ball
1-1: Ball
2-1: Called Strike
2-2: SINGLE (Groundball, 34S, EV 98.1 MPH)
Pitching: RHP Nic Lewin
Batting: RHB Chance Maki 0-0: Ball
1-0: Called Strike
1-1: Swinging Strike
1-2: Ball
2-2: Ball
3-2: Base on Balls
Jeremy Morrell to second
Batting: LHB Gibson Frantz 0-0: Ball
1-0: Called Strike
1-1: Foul Ball, location: 2F
1-2: Strikes out swinging
Batting: RHB Andy Mandeville 0-0: Swinging Strike
0-1: Foul Ball, location: 2F
0-2: Strikes out looking
Batting: RHB Gaven Robinson 0-0: Foul Ball, location: 2F
0-1: Called Strike
0-2: Ball
1-2: Foul Ball, location: 2F
1-2: Ground out U3 (Groundball, 3, EV 85.0 MPH)
Bottom of the 7th over - 0 runs, 1 hit, 0 errors, 2 left on base; Buffalo 1 - Bar Harbor 7
TOP OF THE 8TH
Buffalo Red Wings batting - Pitching for Bar Harbor Islanders : RHP Devon Frye
Pinch Hitting: LHB Joel Van Dusen 0-0: Ball
1-0: Foul Ball, location: 2F
1-1: Foul Ball, location: 2F
1-2: SINGLE (Line Drive, 89S, EV 94.4 MPH)
Batting: RHB Braydon Makris 0-0: Foul Ball, location: 2F
0-1: Called Strike
0-2: Grounds into double play, 6-4-3 (Groundball, 6, EV 103.1 MPH)
Batting: RHB Israel Coates 0-0: Ball
1-0: Ball
2-0: Called Strike
2-1: SINGLE (Line Drive, 7S, EV 90.6 MPH)
Batting: RHB Chandler Penrod 0-0: Ball
1-0: Reached on error, E6 (Groundball, 56, EV 87.5 MPH)
Israel Coates to second
Batting: RHB Logan Combs 0-0: Foul Ball, location: 2F
0-1: Ball
1-1: Ball
2-1: Called Strike
2-2: Ball
3-2: Base on Balls
Israel Coates to third
Chandler Penrod to second
Batting: RHB Jasper Humphries 0-0: Ball
1-0: Called Strike
1-1: Called Strike
1-2: Foul Ball, location: 2F
1-2: Ball
2-2: Ball
3-2: Foul Ball, location: 2F
3-2: DOUBLE (Line Drive, 7LD, EV 107.5 MPH)
Israel Coates scores
Chandler Penrod scores
Logan Combs to third
Logan Combs scores
Pitching: RHP Dillon Thompson
Batting: SHB Brannon Acevedo 0-0: Ball
1-0: Foul Ball, location: 2F
1-1: Fly out, F7 (Flyball, 7D, EV 96.2 MPH)
Top of the 8th over - 3 runs, 3 hits, 1 error, 1 left on base; Buffalo 4 - Bar Harbor 7
BOTTOM OF THE 8TH
Bar Harbor Islanders batting - Pitching for Buffalo Red Wings : RHP Nic Lewin
Now in RF: Joel Van Dusen
Batting: RHB Caleb Carlson 0-0: Ball
1-0: Foul Ball, location: 2F
1-1: Ball
2-1: Foul Ball, location: 2F
2-2: Foul Ball, location: 2F
2-2: SOLO HOME RUN (Flyball, 7LD, EV 96.9 MPH), Distance : 353 ft
Batting: RHB Clayton Brubaker 0-0: Ball
1-0: Foul Ball, location: 2F
1-1: Ground out 1-3 (Groundball, 13S, EV 69.4 MPH)
Batting: RHB Jaxon King 0-0: Fly out, F6 (Line Drive, 6, EV 69.4 MPH)
Batting: RHB Gareth Peraza 0-0: Swinging Strike
0-1: Foul Ball, location: 2F
0-2: Foul Ball, location: 2F
0-2: Ball
1-2: Ball
2-2: Ball
3-2: Foul Ball, location: 2F
3-2: Foul Ball, location: 2F
3-2: Foul Ball, location: 2F
3-2: Foul Ball, location: 2F
3-2: SINGLE (Groundball, 56D, EV 97.5 MPH)
Pitching: LHP Edwin Nolan
Batting: LHB Jeremy Morrell 0-0: Ball
1-0: Ball
2-0: Ball
3-0: Called Strike
3-1: Foul Ball, location: 2F
3-2: Fly out, F7 (Flyball, 7LM, EV 88.8 MPH)
Bottom of the 8th over - 1 run, 2 hits, 0 errors, 1 left on base; Buffalo 4 - Bar Harbor 8
TOP OF THE 9TH
Buffalo Red Wings batting - Pitching for Bar Harbor Islanders : RHP Dillon Thompson
Batting: RHB Tris Kathirithamby 0-0: Called Strike
0-1: Fly out, F8 (Flyball, 8RD, EV 97.5 MPH)
Batting: RHB Brinson Sarmiento 0-0: Ball
1-0: Ball
2-0: Fly out, F3 (Popup, 34, EV 61.9 MPH)
Batting: LHB Joel Van Dusen 0-0: Ball
1-0: Ball
2-0: Ball
3-0: Called Strike
3-1: Called Strike
3-2: SINGLE (Line Drive, 78S, EV 103.1 MPH)
Batting: RHB Braydon Makris 0-0: Called Strike
0-1: Called Strike
0-2: Strikes out swinging
Top of the 9th over - 0 runs, 1 hit, 0 errors, 1 left on base; Buffalo 4 - Bar Harbor 8
Saturday, May 11th , 2024 - OOTP Baseball 23.10 Build 110